 Dungeon Crawl Stone Soup version 0.18.1-50-g88ac8fd (webtiles) character file.

310 magog001 the Skirmisher (level 6, -2/53 HPs)
             Began as a Hill Orc Fighter on May 24, 2017.
             Slain by an orc warrior
             ... wielding a +2 dire flail of draining
              (17 damage)
             ... on level 4 of the Dungeon.
             The game lasted 00:29:03 (4823 turns).

magog001 the Skirmisher (Hill Orc Fighter)          Turns: 4823, Time: 00:29:03

Health: -2/53      AC: 12    Str: 21    XL:     6   Next: 41%
Magic:  6/6        EV:  6    Int:  8    God:
Gold:   191        SH:  8    Dex: 10    Spells: 0 memorised, 5 levels left

rFire  . . .     SeeInvis .     y - +2 flail (protect)
rCold  . . .     Gourm    .     b - +0 scale mail
rNeg   . . .     Faith    .     c - +0 shield
rPois  +         Spirit   .     d - +0 helmet
rElec  .         Dismiss  .     (no cloak)
rCorr  .         Reflect  .     (no gloves)
SustAt .         Harm     .     (no boots)
MR     .....                    (no amulet)
Stlth  +.........               A - ring of poison resistance
                                o - ring of stealth

@: heavily drained, not resistant to hostile enchantments, very unstealthy
A: no striking features
a: no special abilities


You were on level 4 of the Dungeon.
You were full.

You visited 1 branch of the dungeon, and saw 5 of its levels.

You collected 191 gold pieces.

Inventory:

Hand Weapons
 a - a +2 war axe
 e - a +0 blowgun
 y - a +2 flail of protection (weapon)
Missiles
 g - 68 stones
 h - 4 javelins (quivered)
 j - 6 sling bullets
 v - 22 poisoned needles
Armour
 b - a +0 scale mail (worn)
 c - a +0 shield (worn)
 d - a +0 helmet (worn)
Jewellery
 o - a ring of stealth (left hand)
 A - a ring of poison resistance (right hand)
Scrolls
 n - 2 scrolls of remove curse
 u - a scroll of magic mapping
Potions
 f - a potion of berserk rage {unknown}
 k - a potion of curing
 l - a potion of brilliance
 p - a potion of resistance {unknown}
 q - a potion of invisibility {unknown}
 t - a potion of cure mutation {unknown}
 w - a potion of agility {unknown}
 z - 2 potions of mutation
 C - 2 potions of heal wounds
Comestibles
 i - 3 bread rations
 m - a royal jelly
 r - a meat ration


   Skills:
 + Level 4.5(1.9) Fighting
 - Level 3.8(1.4) Axes
 * Level 1.0(0.0) Maces & Flails
 * Level 2.2(0.0) Throwing
 + Level 4.5(1.8) Armour
 + Level 1.6(0.0) Dodging
 + Level 0.3(0.0) Stealth
 + Level 4.1(1.5) Shields


You had 5 spell levels left.
You didn't know any spells.

Dungeon Overview and Level Annotations

Branches:
Dungeon (5/15)
 Temple: D:4-7

Altars:
Fedhas
Kikubaaqudgha
Makhleb
Okawaru
Pakellas
Ru
Sif Muna
Trog
Zin

Shops:
D:4 :

Annotations:
D:4 Pikel


Message History

Your giant cockroach dissolves into shadows!
There is a stone staircase leading down here.
The orc hits you but does no damage. You block the orc's attack.
The orc warrior hits you with a dire flail of draining!
You feel drained. The orc warrior closely misses you.
You sock the orc warrior!
The orc warrior is moderately wounded.
The orc warrior hits you with a dire flail of draining!
You feel drained.
You hit the orc warrior.
The orc warrior is heavily wounded.
The orc warrior hits you with a dire flail of draining!
* * * LOW HITPOINT WARNING * * *
You feel drained.
You hit the orc warrior.
The orc warrior is heavily wounded.
The orc warrior hits you with a dire flail of draining!
You die...

##........# #....#..# # ##
#.....##### ...######
#.#####..#####...##.##...##
#.#.....# #.8.8.#.#.8.8.# #
#.......## #.._..#.#.._..######
##...#...###.8...#.#...8.#.....
#...#.....##...'#.#'...##.....
##.........#####...#####..#...
#.........oo@...⌠...[....##..
#...##....#####...#####.####.
#..###...##...'#.#'...### #[
####.## #..##.8...#.#...8.## ##
#.#.## #...##.._..#.#.._..#.####
##..# ##...##.8.8.#.#.8.8.#....#
##..###...####...##.##...##.....
#....##...# #####...#########..
##........# #.....#### ##†


You could see an orc warrior and an orc.

Vanquished Creatures
  An ice beast (D:5)
  3 slaves (D:4)
  A scorpion (D:4)
  8 adders
  An adder skeleton (D:5)
  2 worms (D:2)
  6 dart slugs
  A giant gecko (D:5)
  2 orcs
  4 giant cockroaches
  8 goblins
  5 hobgoblins
  3 jackals (D:4)
  2 quokkas
  4 bats
  A giant gecko skeleton (D:5)
  7 giant newts
  12 kobolds
  8 rats
  3 toadstools (D:1)
82 creatures vanquished.

Vanquished Creatures (others)
  A toadstool (D:1)
1 creature vanquished.

Grand Total: 83 creatures vanquished

Notes
Turn   | Place    | Note
--------------------------------------------------------------
     0 | D:1      | magog001 the Hill Orc Fighter began the quest for the Orb.
     0 | D:1      | Reached XP level 1. HP: 19/19 MP: 1/1
   125 | D:1      | Reached XP level 2. HP: 27/27 MP: 2/2
   654 | D:1      | Reached XP level 3. HP: 33/33 MP: 3/3
  1267 | D:2      | Reached skill level 1 in Throwing
  1476 | D:2      | Reached XP level 4. HP: 21/40 MP: 4/4
  2165 | D:3      | Found a faded altar to an unknown god.
  2600 | D:3      | Reached skill level 1 in Dodging
  2796 | D:3      | Reached XP level 5. HP: 46/46 MP: 5/5
  3164 | D:3      | Found a glowing silver altar of Zin.
  3239 | D:4      | Found a bloodstained altar of Trog.
  3244 | D:4      | Found an oddly glowing altar of Pakellas.
  3248 | D:4      | Found an ancient bone altar of Kikubaaqudgha.
  3260 | D:4      | Found a sacrificial altar of Ru.
  3280 | D:4      | Found an iron altar of Okawaru.
  3313 | D:4      | Noticed a slave
  3313 | D:4      | Noticed a slave
  3314 | D:4      | Noticed a slave
  3316 | D:4      | Noticed Pikel
  3343 | D:4      | Killed a slave
  3350 | D:4      | Killed a slave
  3355 | D:4      | Killed a slave
  3776 | D:4      | Noticed a slave
  3979 | D:4      | Found Meusuu Dufell's Book Shop.
  4274 | D:5      | Entered Level 5 of the Dungeon
  4295 | D:5      | Found a deep blue altar of Sif Muna.
  4307 | D:5      | Found a blossoming altar of Fedhas.
  4313 | D:5      | Found a burning altar of Makhleb.
  4322 | D:5      | Noticed an ice beast
  4333 | D:5      | Killed an ice beast
  4333 | D:5      | Reached XP level 6. HP: 53/53 MP: 6/6
  4362 | D:5      | Reached skill level 1 in Maces & Flails
  4390 | D:5      | Noticed an orc warrior
  4392 | D:5      | Noticed a phantom
  4823 | D:4      | Slain by an orc warrior

Skill      XL: |  1  2  3  4  5  6 |
---------------+-------------------+-----
Fighting       | 4 |  4.5
Axes           | 3 |  3.8
Throwing       | 1 2 |  2.2
Armour         | 4 |  4.5
Dodging        | 1 |  1.6
Shields        | 4 |  4.1
Maces & Flails | 1 |  1.0
Stealth        | |  0.3

Action                   |  1- 3 |  4- 6 || total
-------------------------+-------+-------++-------
Melee: War axe           |   131 |   129 ||   260
       Flail             |       |    35 ||    35
Throw: Stone             |    23 |       ||    23
       Javelin           |       |     2 ||     2
  Use: Potion            |     1 |     4 ||     5
       Scroll            |       |    14 ||    14
  Eat: Bread ration      |     1 |       ||     1
       Chunk             |     1 |       ||     1
       Pizza             |       |     1 ||     1
       Meat ration       |       |     2 ||     2
Armor: Scale mail        |    53 |    66 ||   119
Dodge: Dodged            |    35 |    54 ||    89
Block: Shield            |    59 |    96 ||   155
